 Dungeon Sprint DCSS version 0.17-a0-1939-ga475588 (webtiles) character file.

926 KambridgeKobold the Protected (level 7, -2/69 HPs)
             Began as a Minotaur Fighter on Sept 29, 2015.
             Was a Follower of Okawaru.
             Slain by a sixfirhy (9 damage)
             ... summoned by a kobold demonologist
             ... in the Dungeon (Sprint I: "Red Sonja").
             The game lasted 00:02:57 (851 turns).

KambridgeKobold the Protected (Minotaur Fighter)     Turns: 851, Time: 00:02:57

Health: -2/69      AC:  9    Str: 20    XL:     7   Next: 85%
Magic:  6/6        EV: 10    Int:  6    God:    Okawaru [*.....]
Gold:   205        SH:  0    Dex: 11    Spells: 0 memorised, 6 levels left

rFire  . . .     SeeInvis .     l - +4 dagger (speed)
rCold  . . .     Clarity  .     b - +0 scale mail
rNeg   . . .     SustAt   .     (no shield)
rPois  .         Gourm    .     (helmet restricted)
rElec  .         Spirit   .     (no cloak)
rCorr  .         Warding  .     (no gloves)
rMut   .         NoTele   +     (no boots)
MR     .....                    (no amulet)
Stlth  ..........               (no ring)
                                (no ring)

@: not resistant to hostile enchantments, extremely unstealthy
A: retaliatory headbutt, horns 2
a: Heroism, Renounce Religion


You were in the Dungeon.
You worshipped Okawaru.
Okawaru was aware of your devotion.
You were not hungry.

You visited 1 branch You collected 405 gold pieces.
You spent 200 gold pieces at shops.

Inventory:

Hand weapons
 a - a +0 long sword
 l - a +4 dagger of speed (weapon)
 m - a +0 rapier
Armour
 b - a +0 scale mail (worn)
 c - a +0 shield
Scrolls
 k - a scroll of blinking
 n - a scroll of identify {unknown}
Potions
 d - a potion of might
 f - a potion of curing
 g - a potion of heal wounds
 h - a potion of haste
 i - 2 potions of magic
 j - a potion of berserk rage
Miscellaneous
 q - an ornate deck of wonders
Comestibles
 e - a bread ration
 o - a meat ration
 p - a chunk of flesh


   Skills:
 - Level 8.3 Fighting
 - Level 9.8(10.6) Short Blades
 + Level 7.5(10.1) Long Blades
 + Level 14.0 Armour
 - Level 3.6 Shields


You had 6 spell levels left.
You didn't know any spells.

Dungeon Overview and Level Annotations

Branches:
Dungeon (1/1)

Altars:
Cheibriados
Dithmenos
Elyvilon
Fedhas
Gozag
Kikubaaqudgha
Makhleb
Nemelex Xobeh
Okawaru
Qazlal
Ru
Sif Muna
Trog
Vehumet
Xom
Yredelemnul
Zin
The Shining One
Jiyva

Shops:
D }


Innate Abilities, Weirdness & Mutations

You reflexively headbutt those who attack you in melee.
You have a pair of horns on your head.


Message History

The kobold demonologist is heavily wounded.
The sixfirhy hits you but does no damage.
You closely miss the kobold demonologist.
The kobold demonologist is heavily wounded.
The sixfirhy hits you but does no damage.
You hit the kobold demonologist. You headbutt the kobold demonologist.
The kobold demonologist is severely wounded.
The sixfirhy barely misses you.
The kobold demonologist hits you but does no damage.
You barely miss the kobold demonologist.
The kobold demonologist is severely wounded.
The sixfirhy hits you but does no damage.
The iron imp misses you.
The sixfirhy hits you but does no damage.
You hit the kobold demonologist.
The kobold demonologist is severely wounded.
The sixfirhy hits you.
* * * LOW HITPOINT WARNING * * *
The sixfirhy shocks you!
You die...

#######################
#..)..#..'..#__#.K55..#
').#..'..#..'..5@4#...#
#####'#####'#__####...+
####..#...#.#### ####
#__####..##.#
#_..__##'#..+
#_.∩...'..._#
#_..._##_.#'#
#_____###+#.# #######
###


You could see a kobold demonologist, a sixfirhy, 2 iron imps and a quasit.

Vanquished Creatures
  A kobold demonologist (D)
  A slime creature (D)
  Sigmund (D)
  A yak (D)
  An ogre (D)
  A jelly (D)
  Ijyb (D)
  A giant eyeball (D)
8 creatures vanquished.

Vanquished Creatures (others)
  A gargoyle (D)
1 creature vanquished.

Grand Total: 9 creatures vanquished

Notes
Turn   | Place    | Note
--------------------------------------------------------------
     0 | D        | KambridgeKobold the Minotaur Fighter began the quest for the Orb.
     0 | D        | Reached XP level 1. HP: 19/19 MP: 0/0
     1 | D        | Noticed Ijyb
    13 | D        | Killed Ijyb
    13 | D        | Reached skill level 5 in Fighting
    13 | D        | Reached skill level 5 in Armour
    13 | D        | Reached XP level 2. HP: 21/29 MP: 1/1
   102 | D        | Noticed an ogre
   109 | D        | Killed an ogre
   109 | D        | Reached skill level 8 in Fighting
   109 | D        | Reached XP level 3. HP: 18/41 MP: 2/2
   109 | D        | Reached XP level 4. HP: 21/49 MP: 3/3
   284 | D        | Noticed Sigmund
   307 | D        | Killed Sigmund
   307 | D        | Reached skill level 10 in Armour
   307 | D        | Reached XP level 5. HP: 15/55 MP: 4/4
   307 | D        | Reached XP level 6. HP: 16/62 MP: 5/5
   535 | D        | Found a deep blue altar of Sif Muna.
   536 | D        | Noticed a jelly
   537 | D        | Found a radiant altar of Vehumet.
   540 | D        | Killed a jelly
   540 | D        | Reached skill level 11 in Armour
   570 | D        | Found Hog Weck's Gadget Emporium.
   570 | D        | Found a white marble altar of Elyvilon.
   570 | D        | Found a stormy altar of Qazlal.
   570 | D        | Found a burning altar of Makhleb.
   570 | D        | Found a sacrificial altar of Ru.
   570 | D        | Found a basalt altar of Yredelemnul.
   570 | D        | Found a glowing golden altar of the Shining One.
   570 | D        | Found a sparkling altar of Nemelex Xobeh.
   570 | D        | Found a shimmering altar of Xom.
   570 | D        | Found an opulent altar of Gozag.
   570 | D        | Found an ancient bone altar of Kikubaaqudgha.
   570 | D        | Found a glowing silver altar of Zin.
   570 | D        | Noticed a yak
   587 | D        | Killed a yak
   587 | D        | Reached skill level 12 in Armour
   588 | D        | Found an iron altar of Okawaru.
   591 | D        | Found a bloodstained altar of Trog.
   595 | D        | Became a worshipper of Warmaster Okawaru
   599 | D        | Bought an ornate deck of wonders for 200 gold pieces
   638 | D        | Killed a gargoyle
   702 | D        | Found a snail-covered altar of Cheibriados.
   702 | D        | Found a viscous altar of Jiyva.
   702 | D        | Found a shadowy altar of Dithmenos.
   702 | D        | Found a blossoming altar of Fedhas.
   702 | D        | Noticed a slime creature
   718 | D        | Killed a slime creature
   718 | D        | Acquired Okawaru's first power
   718 | D        | Reached skill level 13 in Armour
   718 | D        | Reached XP level 7. HP: 50/69 MP: 6/6
   819 | D        | Noticed a kobold demonologist
   819 | D        | Paralysed by a giant eyeball for 4 turns
   820 | D        | Noticed a kobold demonologist
   822 | D        | Noticed a soul eater
   825 | D        | Noticed a red devil
   833 | D        | Noticed an orange demon
   840 | D        | Killed a kobold demonologist
   840 | D        | Reached skill level 14 in Armour
   841 | D        | Noticed a sixfirhy
   851 | D        | Slain by a sixfirhy

Vault maps used:
D:        dungeon_sprint_1

Action                   |  1- 3 |  4- 6 |  7- 9 || total
-------------------------+-------+-------+-------++-------
Melee: Long sword        |     7 |       |       ||     7
       Dagger            |     6 |    45 |    26 ||    77
